 Dungeon Crawl Stone Soup version 0.17-a0-1435-geafbe2f (webtiles) character file.

287 Kisielow the Cudgeler (level 6, -2/52 HPs)
             Began as a Minotaur Fighter on June 26, 2015.
             Slain by a water moccasin (3 damage)
             ... on level 4 of the Dungeon.
             The game lasted 00:08:46 (2579 turns).

Kisielow the Cudgeler (Minotaur Fighter)            Turns: 2579, Time: 00:08:46

Health: -2/52      AC: 12    Str: 28    XL:     6   Next: 8%
Magic:  5/5        EV:  4    Int:  5    God:
Gold:   228        SH: 15    Dex:  9    Spells: 0 memorised, 5 levels left

rFire  + . .     SeeInvis .     a - +1 flail
rCold  . . .     Clarity  .     u - +0 chain mail
rNeg   . . .     SustAt   .     r - +0 large shield
rPois  .         Gourm    .     (helmet restricted)
rElec  .         Spirit   .     k - +2 cloak
rCorr  .         Warding  .     (no gloves)
rMut   .         Stasis   .     (no boots)
MR     .....                    (no amulet)
Stlth  ..........               (no ring)
                                b - ring of protection from fire

@: mighty, lethally poisoned (-2 -> -39), not resistant to hostile enchantments,
extremely unstealthy
A: retaliatory headbutt, horns 2
a: no special abilities


You were on level 4 of the Dungeon.
You were hungry.

You visited 1 branch of the dungeon, and saw 4 of its levels.

You collected 228 gold pieces.

Inventory:

Hand weapons
 a - a +1 flail (weapon)
Armour
 c - a +0 shield
 k - a +2 cloak (worn)
 r - a +0 large shield (worn)
 u - a +0 chain mail (worn)
Jewellery
 b - a ring of protection from fire (left hand)
Scrolls
 h - a scroll of fear
 v - a scroll of remove curse
Potions
 d - a potion of might
 l - a potion of heal wounds
Comestibles
 e - 2 bread rations
 j - a royal jelly
 m - a meat ration


   Skills:
 + Level 4.2 Fighting
 + Level 6.6 Maces & Flails
 + Level 4.3 Armour
 + Level 4.3 Shields


You had 5 spell levels left.
You didn't know any spells.

Dungeon Overview and Level Annotations

Branches:
Dungeon (4/15)
 Temple: D:4-7

Altars:
Kikubaaqudgha


Innate Abilities, Weirdness & Mutations

You reflexively headbutt those who attack you in melee.
You have a pair of horns on your head.


Message History

The water moccasin bites you!
* * * LOW HITPOINT WARNING * * *
You block the water moccasin's attack. You block the worker ant's attack.
The kobold barely misses you. You furiously retaliate!
You headbutt the kobold!
You kill the kobold!
* * * LOW HITPOINT WARNING * * *
You feel very sick. You block the water moccasin's attack.
The water moccasin bites you but does no damage.
Things that are here:
an uncursed short sword; an uncursed blowgun; 6 poisoned needles
* * * LOW HITPOINT WARNING * * *
You feel very sick.
The worker ant bites you but does no damage.
You closely miss the worker ant. Your headbutt misses the worker ant.
The worker ant is heavily wounded.
* * * LOW HITPOINT WARNING * * *
You feel very sick. The water moccasin bites you.
You die...

,,,,,,,,,,,,,,,,,* *,* *,*
*,* ,,,,**********,*** *,*
*,***,* ,,,,,,,,* *,* *,*
*,,**,* *,*,**,,* *,* *,*
**,**,* *,*,**,,* #,* **,**
*,**,* *,*,**,,* #.* *,,,*
*,**,, *,*,**,,* #.*
*,,,***,**,*
,*,,**,,*#####.#####
*,,,,,,,,,,*
*,****,,,...!...@..#
*,*,***,**,* *,*
**,,......Sa..###.#,* *,**,*
*,*
*,,,.......(.......,***,**,*
*,*
*,**#......†..###.#,,,,,,,,*
*,****,*
#..........<.,,,,,,,****
*,,,,,,*
#.........####*******
******** #.........#
#?........# #.........#


You could see a water moccasin and a worker ant.

Vanquished Creatures
  A necrophage (D:4)
  2 vampire bats (D:2)
  5 adders
  3 oozes
  3 worms (D:2)
  3 giant geckos
  7 orcs (D:3)
  A bat skeleton (D:2)
  3 bat zombies (D:2)
  3 giant cockroaches
  3 hobgoblins
  8 kobolds
  8 bats
  12 goblins
  3 rats (D:3)
65 creatures vanquished.

Notes
Turn   | Place    | Note
--------------------------------------------------------------
     0 | D:1      | Kisielow the Minotaur Fighter began the quest for the Orb.
     0 | D:1      | Reached XP level 1. HP: 19/19 MP: 0/0
   521 | D:1      | Reached XP level 2. HP: 26/26 MP: 1/1
   881 | D:2      | Reached skill level 4 in Maces & Flails
   967 | D:2      | Reached XP level 3. HP: 31/31 MP: 2/2
  1189 | D:2      | Found an ancient bone altar of Kikubaaqudgha.
  1189 | D:2      | Noticed a vampire bat
  1192 | D:2      | Noticed a vampire bat
  1194 | D:2      | Killed a vampire bat
  1194 | D:2      | Reached skill level 5 in Maces & Flails
  1194 | D:2      | Reached XP level 4. HP: 39/39 MP: 3/3
  1195 | D:2      | Killed a vampire bat
  1195 | D:2      | Reached skill level 6 in Maces & Flails
  1292 | D:2      | Reached XP level 5. HP: 42/45 MP: 4/4
  2282 | D:4      | Noticed a necrophage
  2295 | D:4      | Killed a necrophage
  2295 | D:4      | Reached XP level 6. HP: 45/52 MP: 5/5
  2561 | D:4      | Noticed a water moccasin
  2579 | D:4      | HP: 1/52 [poisoned by a worker ant]
  2579 | D:4      | Slain by a water moccasin

Vault maps used:
D:1:      saegor_arrival_simple_c
D:2:      kennysheep_vampire_church
D:3:      first_bread, minmay_misc_feat_five
D:4:      minivault_24

Action                   |  1- 3 |  4- 6 || total
-------------------------+-------+-------++-------
Melee: Flail             |    72 |   109 ||   181
  Use: Scroll            |       |     9 ||     9
       Potion            |       |     4 ||     4
  Eat: Chunk             |     1 |     4 ||     5
